 Dungeon Crawl Stone Soup version 0.28.0-1-gb440e238dd (webtiles) character file.

Game seed: 13346969899014131424

514 sanka the Nimble (level 7, -8/46 HPs)
             Began as a Merfolk Conjurer on Feb 22, 2022.
             Was an Elder of Jiyva.
             Mangled by a gnoll (18 damage)
             ... on level 4 of the Dungeon.
             The game lasted 00:07:43 (3029 turns).

sanka the Nimble (Merfolk Conjurer)                 Turns: 3029, Time: 00:07:45

Health: -8/46      AC:  8    Str: 17    XL:     7   Next: 20%
Magic:  10/10      EV: 14    Int: 17    God:    Jiyva [****..]
Gold:   29         SH:  0    Dex: 15    Spells: 7/10 levels left

rFire   . . .      SeeInvis .   n - +7 staff of the Meek {protect, meekguard}
rCold   . . .      Faith    .   (shield currently unavailable)
rNeg    + . .      Spirit   .   l - +1 ring mail of Lifelessness {rN+ Str+6}
rPois   .          Reflect  .   f - +0 helmet
rElec   .          Harm     .   j - +0 cloak
rCorr   +          Rampage  .   (no gloves)
Will    .....                   (no boots)
Stlth   +.........              (no amulet)
HPRegen 1.43/turn               (no ring)
MPRegen 0.52/turn               (no ring)

@: no status effects
A: (nimble swimmer 2), mertail, fangs 2, strong 2
a: Renounce Religion, Oozemancy, Slimify


You were on level 4 of the Dungeon.
You worshipped Jiyva.
Jiyva was greatly pleased with you.
You visited 1 branch of the dungeon, and saw 4 of its levels.

You collected 29 gold pieces.

Inventory:

Hand Weapons
 b - a +0 dagger
 i - a +2 quarterstaff of chaos
 n - the +7 staff of the Meek (weapon) {protect, meekguard}
   (You found it on level 3 of the Dungeon)

   It grants its wielder temporary protection when it strikes (+7 to AC).
   It provides extra protection to wielders with little health.
Armour
 a - a +0 robe
 f - a +0 helmet (worn)
 j - a +0 cloak (worn)
 l - the +1 ring mail of Lifelessness (worn) {rN+ Str+6}
   (You found it on level 3 of the Dungeon)

   Str:       It affects your strength (+6).
   rN:        It protects you from negative energy.
Wands
 q - a wand of flame (11)
Scrolls
 d - 4 scrolls of vulnerability {unknown}
 g - 2 scrolls of blinking {unknown}
 h - a scroll of identify {unknown}
Potions
 c - a potion of heal wounds {unknown}
 e - a potion of attraction {unknown}
 k - a potion of magic {unknown}
 m - a potion of lignification {unknown}
 o - 2 potions of brilliance {unknown}
 p - a potion of curing {unknown}


   Skills:
 + Level 8.1 Dodging
 - Level 2.1 Stealth
 - Level 2.0 Spellcasting
 - Level 5.0 Conjurations


You had 7 spell levels left.
You knew the following spells:

 Your Spells              Type           Power      Damage    Failure   Level
a - Magic Dart            Conj           72%        1d6       4%          1
b - Searing Ray           Conj           36%        2d5       7%          2

Your spell library contained the following spells:

 Spells                   Type           Power      Damage    Failure   Level
 Summon Small Mammal      Summ           4%         N/A       34%         1
 Dazzling Flash           Conj/Hex       20%        N/A       36%         3
 Call Canine Familiar     Summ           1%         N/A       71%         3
 Summon Guardian Golem    Hex/Summ       1%         N/A       71%         3
 Fulminant Prism          Conj/Hex       5%         3d7       77%         4
 Iskenderun's Mystic Bla  Conj/Tloc      10%        2d4       77%         4


Dungeon Overview and Level Annotations

Branches:
Dungeon (4/15)             Temple (0/1) D:4

Altars:
Cheibriados
Ru
Yredelemnul
The Shining One
Beogh
Jiyva

Shops:
D:2 [


Innate Abilities, Weirdness & Mutations

((You are very nimble when in or above water. (Stealth+, EV+, Speed+++)))
Your lower body shifts to a powerful aquatic tail in water.
You have extremely sharp teeth.
Your muscles are very strong. (Str +4)


Message History

The gnoll shaman is almost dead.
The gnoll hits you from afar with a +0 spear.
The gnoll closely misses you. The gnoll shaman misses you.
You sock the gnoll shaman!
You kill the gnoll shaman!
The gnoll hits you but does no damage. x2
The gnoll hits you from afar with a +0 spear.
Your Dodging skill increases to level 8!
You sock the gnoll!
The gnoll is heavily wounded.
The gnoll is no longer moving quickly.
The gnoll misses you.
The gnoll closely misses you. x2; The gnoll barely misses you.
You hit the gnoll.
The gnoll is almost dead.
The gnoll hits you with a +0 flail. The gnoll barely misses you.
The gnoll closely misses you.
You barely miss the gnoll. You bite the gnoll.
You kill the gnoll!
The gnoll zaps a wand.
The bolt of acid misses you. The gnoll completely misses you.
The gnoll zaps a wand.
The bolt of acid misses you.
Items here: )) [ †.
You sock the gnoll!
The gnoll is severely wounded.
The gnoll closely misses you. The gnoll hits you but does no damage.
The gnoll barely misses you. The gnoll hits you with a +0 spear.
There is an open translucent door, spattered with blood here.
The gnoll misses you.
The gnoll hits you from afar with a +1 halberd of electrocution.
You are electrocuted!
Items here: )) [ †.
The gnoll hits you but does no damage.
You barely miss the gnoll. The gnoll hits you but does no damage.
You are electrocuted!
The gnoll hits you from afar with a +0 spear.
The gnoll hits you from afar with a +1 halberd of electrocution!
* * * LOW HITPOINT WARNING * * *
You are electrocuted!!
You die...

...# #....≈≈#####...........####
#### ####.≈≈#...#.###.©.###J#...
# #.≈≈#...###.#####.###...
####### #.≈≈###.......g.......##
......# #.≈≈.8#.######'######.#8
#####.# #.≈≈.##.#.⌠.#..8#=.$#.##
# #.# ##.≈≈.#.gg.....©⌠#:.$'..#
#.# #..≈≈.##g#.⌠.#..8#$.$#.## #.#
#..≈≈.8#@######'######g#8 #.#
#..≈≈###...............##
#####.###..≈≈#...###©#####.###...
...........≈≈#...#.###.§.###J#...
#########..≈≈#####..J........####
#..≈≈≈≈≈≈≈≈≈≈≈...≈≈≈≈≈≈≈≈
#..≈≈≈≈≈≈≈≈≈≈≈...≈≈≈≈≈≈≈≈
#........................
#..........##############


You could see 3 gnolls.

Vanquished Creatures
  The ghost of RNPValinor the Poker, an amateur DsFi (D:4)
  Duvessa (D:4)
  A water moccasin zombie (D:3)
  Dowan (D:4)
  An orc priest (D:3)
  Crazy Yiuf (D:2)
  A gnoll shaman (D:4)
  Robin (D:1)
  A gnoll (D:4)
  3 adders
  2 adder skeletons (D:4)
  2 dart slugs
  4 orcs
  2 giant cockroaches (D:1)
  2 hobgoblins (D:1)
  2 jackals
  A kobold (D:1)
  2 quokkas
  2 ball pythons
  2 bats
  3 frilled lizards
  10 goblins
  3 rats
49 creatures vanquished.

Vanquished Creatures (others)
  A jelly (D:2)
  A bullfrog skeleton (D:4)
  3 gnolls (D:3)
  An adder (D:4)
  A dart slug (D:2)
  An endoplasm (D:4)
  A giant cockroach (D:4)
  7 goblins
  6 hobgoblins
  6 jackals
  A kobold (D:2)
  A quokka (D:1)
  2 ball pythons (D:1)
  A bat (D:1)
  4 rats
  6 plants (D:4)
43 creatures vanquished.

Grand Total: 92 creatures vanquished

Notes
Turn   | Place    | Note
-------+----------+-------------------------------------------
     0 | D:1      | sanka the Merfolk Conjurer began the quest for the Orb.
     0 | D:1      | Reached XP level 1. HP: 13/13 MP: 3/3
   102 | D:1      | Found a faded altar of an unknown god.
   110 | D:1      | Prayed at the altar of an unknown god.
   110 | D:1      | Became a worshipper of Jiyva Judicura the Shapeless
   110 | D:1      | Reached * piety under Jiyva
   166 | D:1      | Reached XP level 2. HP: 19/19 MP: 3/5
   300 | D:1      | Learned a level 2 spell: Searing Ray
   471 | D:1      | Reached ** piety under Jiyva
   904 | D:2      | Noticed Robin
   904 | D:2      | Found a basalt altar of Yredelemnul.
   916 | D:1      | You fall into a shaft and drop 1 floor!
   995 | D:1      | Killed Robin
   996 | D:1      | Reached XP level 3. HP: 16/24 MP: 4/6
  1235 | D:2      | Found Anodgh's Armour Shop.
  1254 | D:2      | Reached *** piety under Jiyva
  1260 | D:2      | Gained mutation: Your muscles are strong. (Str +2) [Jiyva's
                  | grace]
  1260 | D:2      | Gained mutation: Your muscles are very strong. (Str +4)
                  | [Jiyva's grace]
  1260 | D:2      | Gained mutation: You have very sharp teeth. [Jiyva's grace]
  1260 | D:2      | Gained mutation: You have extremely sharp teeth. [Jiyva's
                  | grace]
  1350 | D:2      | Found a runed translucent door.
  1351 | D:2      | Noticed Crazy Yiuf
  1487 | D:2      | Killed Crazy Yiuf
  1488 | D:2      | Reached XP level 4. HP: 30/30 MP: 4/7
  1668 | D:3      | Found a glowing golden altar of the Shining One.
  1679 | D:3      | Identified the +1 ring mail of Lifelessness {rN+ Str+6}
  1753 | D:3      | Found a sacrificial altar of Ru.
  1767 | D:3      | Reached skill level 5 in Conjurations
  1767 | D:3      | Reached skill level 3 in Dodging
  1767 | D:3      | Reached XP level 5. HP: 31/35 MP: 1/8
  2030 | D:3      | Reached skill level 4 in Dodging
  2048 | D:3      | Found the +7 staff of the Meek {protect, meekguard}
  2192 | D:4      | Found a staircase to the Ecumenical Temple.
  2233 | D:4      | Noticed Duvessa
  2251 | D:4      | Noticed Dowan
  2260 | D:4      | Killed Duvessa
  2261 | D:4      | Reached skill level 6 in Dodging
  2261 | D:4      | Reached XP level 6. HP: 11/41 MP: 9/9
  2263 | D:4      | Killed Dowan
  2313 | D:4      | Noticed RNPValinor's ghost (amateur DsFi)
  2326 | D:4      | Found a transporter.
  2333 | D:4      | Found a transporter.
  2371 | D:4      | Reached **** piety under Jiyva
  2560 | D:4      | Found a snail-covered altar of Cheibriados.
  2959 | D:4      | Killed RNPValinor's ghost
  2960 | D:4      | Reached skill level 7 in Dodging
  2960 | D:4      | Reached XP level 7. HP: 39/46 MP: 10/10
  3021 | D:4      | Reached skill level 8 in Dodging
  3029 | D:4      | Mangled by a gnoll

Illustrated notes

Levels and vault maps discovered:
D:1:      amcnicky_arrival_feature_with_door, layout_loops_corners,
          ebering_ecumenical_altar_hall
D:2:      layout_rooms, serial_shops, shop, basic_altar,
          uniq_crazy_yiuf_cottage, uniq_robin
D:3:      layout_basic, lemuel_round_altar, nicolae_ru_sacrificial_ziggurat,
          corner_web_ring, pf_guarded_unrand_meek
D:4:      layout_basic, lemuel_round_altar, minmay_temple_entry_glass,
          gammafunk_ghost_gnarly_gnolls, uniq_duvessa

Skill      XL: |  1  2  3  4  5  6  7 |
---------------+----------------------+-----
Conjurations   | 4 5 |  5.0
Dodging        | 3 6 7 8 |  8.1
Stealth        | |  2.1
Spellcasting   | |  2.0

Action                   |  1- 3 |  4- 6 |  7- 9 || total
-------------------------+-------+-------+-------++-------
Melee: Dagger            |     7 |     3 |       ||    10
       Bite              |       |     6 |     2 ||     8
       Quarterstaff      |       |    25 |    22 ||    47
       Tailslap          |       |     2 |       ||     2
 Cast: Magic Dart        |    60 |    42 |       ||   102
       Searing Ray       |     2 |     4 |       ||     6
Armor: Robe              |    12 |     3 |       ||    15
       Ring mail         |       |    17 |    15 ||    32
Dodge: Dodged            |    34 |    34 |    42 ||   110
